 Dungeon Crawl Stone Soup version 0.21-a0-401-g0b6bec4 (webtiles) character file.

85 Monsterracer the Ruffian (level 4, 3/35 HPs)
             Began as a Draconian Transmuter on Oct 24, 2017.
             Quit the game on level 2 of the Dungeon.
             The game lasted 00:02:43 (2012 turns).

Monsterracer the Ruffian (Draconian Transmuter)     Turns: 2012, Time: 00:02:44

Health: 3/35       AC:  5    Str: 13    XL:     4   Next: 25%
Magic:  2/7        EV: 12    Int: 14    God:
Gold:   38         SH:  0    Dex: 11    Spells: 1/7 levels left

rFire    + . .     SeeInvis .     - Unarmed
rCold    + . .     Gourm    .   (no shield)
rNeg     . . .     Faith    .   (armour unavailable)
rPois    +         Spirit   .   (helmet restricted)
rElec    +         Reflect  .   (no cloak)
rCorr    +         Harm     .   (no gloves)
MR       .....                  (no boots)
Stlth    ..........             (no amulet)
HPRegen  0.11/turn              f - +1 ring of slaying
MPRegen  0.10/turn              k - ring of loudness (curse)

@: lethally poisoned (3 -> -12), resistant, very slightly contaminated
A: unfitting armour, cold-blooded, AC +5
a: no special abilities


You were on level 2 of the Dungeon.
You were not hungry.

You visited 1 branch of the dungeon, and saw 2 of its levels.

You collected 38 gold pieces.

Inventory:

Missiles
 a - 25 arrows
Jewellery
 f - a +1 ring of slaying (left hand)
 k - a cursed ring of loudness (right hand)
Scrolls
 e - a scroll of remove curse {unknown}
 g - a scroll of magic mapping {unknown}
 i - a scroll of teleportation {unknown}
 j - a scroll of immolation {unknown}
 n - a scroll of enchant armour {unknown}
 o - a scroll of fog {unknown}
Books
 b - a book of Changes

   Spells                             Type                      Level
   a - Beastly Appendage              Transmutation                1
   b - Sticks to Snakes               Transmutation                2
   c - Spider Form                    Transmutation/Poison         3
   d - Ice Form                       Ice/Transmutation            4
   e - Blade Hands                    Transmutation                5
Comestibles
 c - 3 bread rations
 d - 3 meat rations
 l - 3 chunks of flesh
 m - 2 royal jellies


   Skills:
 - Level 1.1 Fighting
 - Level 1.7 Dodging
 + Level 4.2 Unarmed Combat
 - Level 2.0 Spellcasting
 + Level 3.5 Transmutations


You had one spell level left.
You knew the following spells:

 Your Spells              Type           Power        Failure   Level  Hunger
a - Beastly Appendage     Tmut           ##....       5%          1    ##.....
b - Sticks to Snakes      Tmut           ##......     9%          2    ###....
c - Spider Form           Tmut/Pois      #.........   34%         3    ####...


Dungeon Overview and Level Annotations

Branches:
Dungeon (2/15)

Altars:


Innate Abilities, Weirdness & Mutations

Your plain brown scales are hard. (AC +5)
You cannot fit into any form of body armour.
You are cold-blooded and may be slowed by cold attacks.


Message History

The adder moves out of view.
An adder is nearby!
Casting: Spider Form
Confirm with . or Enter, or press ? or * to list all spells.
You miscast Spider Form.
You are very lightly contaminated with residual magic.
Wisps of poison gas drift from your hands.
You now have 4/7 mp.
Casting: Spider Form
Confirm with . or Enter, or press ? or * to list all spells.
You turn into a venomous arachnid creature.
You now have 1/7 mp.
You hit the adder.
The adder is lightly wounded.
The adder completely misses you. The adder bites you.
You are poisoned.
The adder poisons you!
You take 3 damage, and have 32/35 hp.
You barely miss the adder.
The adder is lightly wounded.
You feel sick. The adder completely misses you.
You take 2 damage, and have 30/35 hp.
You bite the adder!
The adder is almost dead.
The adder barely misses you.
You closely miss the adder.
The adder is almost dead.
You feel sick. The adder bites you.
You are more poisoned.
The adder poisons you!
You take 2 damage, and have 28/35 hp.
You closely miss the adder.
The adder is almost dead.
You feel sick. The adder barely misses you. The adder bites you.
You are lethally poisoned!
The adder poisons you!
You take 3 damage, and have 25/35 hp.
You are too injured to fight recklessly!
You closely miss the adder.
The adder is almost dead.
Your transformation is almost over.
You feel very sick. The adder barely misses you.
You take 3 damage, and have 22/35 hp.
You hit the adder.
You kill the adder!
You feel sick.
You take 2 damage, and have 20/35 hp.
It was a potion of resistance.
You feel protected.
* * * LOW HITPOINT WARNING * * *
You feel very sick.
You take 3 damage, and have 17/35 hp.
Unknown command.
* * * LOW HITPOINT WARNING * * *
You feel sick.
Found a stone staircase leading up.
You see here an adder corpse.
You take 2 damage, and have 15/35 hp.
Unknown command.
* * * LOW HITPOINT WARNING * * *
You feel sick.
Found a robe.
You take 2 damage, and have 13/35 hp.
Unknown command.
* * * LOW HITPOINT WARNING * * *
You feel sick.
You take 2 damage, and have 11/35 hp.
Unknown command.
* * * LOW HITPOINT WARNING * * *
You feel sick.
You take 2 damage, and have 9/35 hp.
Unknown command.
* * * LOW HITPOINT WARNING * * *
You feel sick.
You take 2 damage, and have 7/35 hp.
Unknown command.
* * * LOW HITPOINT WARNING * * *
You feel sick.
You take 1 damage, and have 6/35 hp.
* * * LOW HITPOINT WARNING * * *
You feel sick.
You take 1 damage, and have 5/35 hp.
Unknown command.
There is a lethal amount of poison in your body!
Unknown command.
Your transformation has ended.
* * * LOW HITPOINT WARNING * * *
You feel sick.
You take 1 damage, and have 4/35 hp.
Unknown command.
Unknown command.
Unknown command.
There is a lethal amount of poison in your body!
There is a lethal amount of poison in your body!
Unknown command.
* * * LOW HITPOINT WARNING * * *
You feel sick.
You take 1 damage, and have 3/35 hp.
Unknown command.
Are you sure you want to abandon this character and quit the game? (Confirm with "yes".)

.. .. .. .. #. #. ###
#.. #.# .#. # #.##
..#..# .. ..##...# ..#.#
#.# ........
..#####.#.###.####.#....
#......@..#...#......#..
########.....<[.####...#
#####..##..## ###..
#..........# ###
#.####.....##########
....................
#####.##.)†.......##
#.#####.##......
..#?.......##...


There were no monsters in sight!

Vanquished Creatures
  4 gnolls
  An adder (D:2)
  4 dart slugs
  A leopard gecko (D:2)
  A hobgoblin (D:1)
  4 jackals (D:1)
  3 bats (D:1)
  6 frilled lizards (D:1)
  3 goblins (D:1)
  4 kobolds
  4 rats
35 creatures vanquished.

Notes
Turn   | Place    | Note
-------+----------+-------------------------------------------
     0 | D:1      | Monsterracer the Draconian Transmuter began the quest for the Orb.
     0 | D:1      | Reached XP level 1. HP: 16/16 MP: 3/3
   414 | D:1      | Reached XP level 2. HP: 23/23 MP: 5/5
   584 | D:1      | Learned a level 2 spell: Sticks to Snakes
   956 | D:1      | Reached XP level 3. HP: 24/28 MP: 6/6
   961 | D:1      | Learned a level 3 spell: Spider Form
  1652 | D:2      | HP: 12/28 [gnoll/halberd (5)]
  1663 | D:1      | HP: 6/28 [gnoll (7)]
  1664 | D:1      | Reached skill level 4 in Unarmed Combat
  1906 | D:2      | Reached XP level 4. HP: 35/35 MP: 3/7
  2002 | D:2      | HP: 17/35 [poisoned by an adder]
  2007 | D:2      | HP: 7/35 [poisoned by an adder]
  2011 | D:2      | HP: 3/35 [poisoned by an adder]
  2012 | D:2      | Quit the game

Vault maps used:
D:1:      nzn_arrival_settlement, serial_bayou_lagoon_a, roderic_roman_lattice,
          kennysheep_decorative_pillar, minmay_pentomino_q4

Skill      XL: |  1  2  3 |
---------------+----------+-----
Transmutations | 3 |  3.5
Unarmed Combat | 4 |  4.2
Fighting       | |  1.1
Dodging        | |  1.7
Spellcasting   | |  2.0

Action                   |  1- 3 |  4- 6 || total
-------------------------+-------+-------++-------
Melee: Unarmed           |   118 |    12 ||   130
       Tailslap          |     9 |       ||     9
       Punch             |     1 |       ||     1
 Cast: Beastly Appendage |     1 |       ||     1
       Spider Form       |     3 |     1 ||     4
  Use: Potion            |       |     1 ||     1
 Stab: Sleeping          |     1 |       ||     1
  Eat: Chunk             |     3 |     1 ||     4
Armor: Skin              |    35 |     1 ||    36
Dodge: Dodged            |    87 |     8 ||    95

Table legend:
 A = Spawn XP
 B = Non-spawn XP
 C = Spawn XP percentage of total XP
 D = Spawn monster count
 E = Non-spawn monster count
 F = Spawn count percentage of total count
 G = Total turns spent on level
                    A         B        C        D         E        F      G
               +---------+---------+-------+---------+---------+-------+---------
         Total |       0 |     122 |   0.0 |       0 |      35 |   0.0 |  2012
               +---------+---------+-------+---------+---------+-------+---------
           D:1 |       0 |      58 |   0.0 |       0 |      27 |   0.0 |  1803
           D:2 |       0 |      64 |   0.0 |       0 |       8 |   0.0 |   209
               +---------+---------+-------+---------+---------+-------+---------

Vault maps used:
D:1:      nzn_arrival_settlement, serial_bayou_lagoon_a, roderic_roman_lattice,
          kennysheep_decorative_pillar, minmay_pentomino_q4
